 Dungeon Crawl Stone Soup version 0.15.0-23-gc2b521c (webtiles) character file.

67 Bloax the Cutter (level 4, -2/23 HPs)
             Began as a Vine Stalker Chaos Knight on Sept 9, 2014.
             Was a Plaything of Xom.
             Slain by Eustachio
             ... wielding a +0 cutlass
              (6 damage)
             ... on Level 4 of the Dungeon.
             The game lasted 00:07:21 (706 turns).

Bloax the Cutter (Vine Stalker Chaos Knight)         Turns: 706, Time: 00:07:21

HP  -2/23        AC  5     Str 14      XL: 4   Next: 18%
MP   0/8         EV 10     Int 12      God: Xom
Gold 68          SH  0     Dex 15      Spells:  0 memorised,  7 levels left

rFire  . . .     SeeInvis .     a - +0 short sword (chaos)
rCold  . . .     Clarity  .     b - +2 leather armour
rNeg   . . .     rCorr    .     (no shield)
rPois  .         rRot     +     (no helmet)
rElec  .         Spirit   +     (no cloak)
SustAb .         Warding  .     (no gloves)
rMut   .         Stasis   .     (no boots)
Gourm  .                        (no amulet)
MR     .....                    (no ring)
                                (no ring)

@: very slightly contaminated, hasted, invisible, very quick, not resistant to
hostile enchantments, unstealthy
A: fangs 2, regeneration 1, magic shield, antimagic bite, no device heal 3, rot
immunity
a: Renounce Religion


You were on level 4 of the Dungeon.
You worshipped Xom.
You were a special plaything of Xom.
You were very full.

You visited 1 branch of the dungeon, and saw 4 of its levels.

You collected 68 gold pieces.


Innate Abilities, Weirdness & Mutations

You have extremely sharp teeth.
Your natural rate of healing is unusually fast.
When hurt, damage is shared between your health and your magic reserves.
Your bite disrupts and absorbs the magic of your enemies.
Potions and wands cannot restore your health.
You are immune to rotting.


   Skills:
 - Level 2.6 Fighting
 + Level 3.5 Short Blades
 - Level 1.5 Armour
 - Level 0.7 Dodging
 + Level 2.0 Stealth
 + Level 2.0 Spellcasting


You had 7 spell levels left.
You didn't know any spells.

Dungeon Overview and Level Annotations

Branches:
Dungeon (4/15)
 Temple: D:4-7

Altars:

Annotations:
D:4 Eustachio; dibs' ghost, average GrMo

Inventory:

Hand weapons
 a - a +0 short sword of chaos (weapon)
Armour
 b - a +2 leather armour (worn)
 p - a +0 pair of gloves
   (You found it on level 4 of the Dungeon)
Comestibles
 c - 2 bread rations
 l - a meat ration
Scrolls
 e - a scroll of fear {unknown}
 f - a scroll of enchant weapon {unknown}
 g - a scroll of recharging {unknown}
 h - a scroll of remove curse {unknown}
 k - 2 scrolls of identify
 m - a scroll of blinking {unknown}
 o - a scroll of teleportation {unknown}
Potions
 d - a potion of agility
 i - a potion of poison {unknown}
 j - a potion of haste {unknown}
 n - a potion of confusion {unknown}

## .# #.# ##.#
#.###.# #...(#
###.#.###
#..b#..5####.#
#####.#####..5...#
#.......#@5.######
#.#####.#@##.......
##.#####......#####
.....##..########
#.##.##>..?.g....
#.##.##.########.
#.......#
##....<..# ...
#......#.# #...
#..##.....# #...


You could see Eustachio, an iron imp (confused) and 2 shadow imps.


Message History

Unknown command.
Dibs' ghost hits you but does no damage.
Unknown command.
You closely miss Eustachio.
Eustachio is almost dead.
Unknown command.
Unknown command.
You hit dibs' ghost.
Dibs' ghost is lightly damaged.
Dibs' ghost hits you.
* * * LOW HITPOINT WARNING * * *
You closely miss dibs' ghost.
Eustachio gestures wildly while chanting.
Unknown command.
You closely miss dibs' ghost. You bite dibs' ghost, but do no damage.
Dibs' ghost hits you.
* * * LOW HITPOINT WARNING * * *
Unknown command.
You hit the iron imp but do no damage. "This might be better!"
The white imp evaporates and reforms as a shadow imp!
Dibs' ghost barely misses you. The iron imp misses you.
Unknown command.
Unknown command.
You hit dibs' ghost but do no damage. You bite dibs' ghost.
You drain its power.
You feel invigorated.
Dibs' ghost is lightly damaged.
Dibs' ghost barely misses you.
You closely miss dibs' ghost.
Dibs' ghost is lightly damaged.
Dibs' ghost closely misses you.
You closely miss dibs' ghost.
Dibs' ghost is lightly damaged.
Dibs' ghost stops glowing.
The iron imp closely misses you.
You catch the helpless dibs' ghost completely off-guard!
You hit dibs' ghost. You burn dibs' ghost.
Dibs' ghost is moderately damaged.
Dibs' ghost hits you.
* * * LOW HITPOINT WARNING * * *
You hit dibs' ghost but do no damage.
Dibs' ghost seems to speed up.
You bite dibs' ghost. You drain its power.
You feel invigorated.
Dibs' ghost is moderately damaged.
Dibs' ghost hits you.
* * * LOW HITPOINT WARNING * * *
The iron imp misses you.
You barely miss dibs' ghost.
Dibs' ghost is moderately damaged.
Dibs' ghost hits you but does no damage.
You hit dibs' ghost but do no damage.
Dibs' ghost is moderately damaged.
Dibs' ghost hits you!
* * * LOW HITPOINT WARNING * * *
Xom's power touches on your mind for a moment.
The iron imp looks rather confused.
Dibs' ghost looks rather confused.
You are now a special plaything of Xom.
Dibs' ghost hits the iron imp.
The bat barely misses you. The bat hits you but does no damage.
Xom thinks this is hilarious!
The bat hits you but does no damage.
You see here a scroll of identify.
k - 2 scrolls of identify (gained 1)
The bat barely misses you. The shadow imp barely misses you.
Unknown command.
Unknown command.
You hit Eustachio.
Eustachio is almost dead.
Eustachio hits you with a cutlass!
You die...

Action                   |  1- 3 |  4- 6 || total
-------------------------+-------+-------++-------
Melee: Short sword       |   110 |    52 ||   162
  Use: Scroll            |     2 |       ||     2
       Potion            |     1 |       ||     1
 Stab: Confused          |     1 |       ||     1
       Invisible         |       |     3 ||     3

Vault maps used:
D:1:      dpeg_arrival_tiny_a, serial_park_tiny_1, serial_bayou_crossing
D:2:      nicolae_overflow_hidden_temple, st_stairs_13, vehumet_altar_wand_db
D:3:      serial_glass, glass_columns_b, glass_columns_a, glass_columns_b,
          glass_columns_c, glass_columns_c, glass_columns_a,
          minmay_strange_pillars, minmay_strange_pillars, item_on_display_a,
          due_unseen_surprise, first_bread, uniq_jessica
D:4:      minmay_statues_item, uniq_eustachio, uniq_sigmund, uniq_menkaure

Notes
Turn   | Place    | Note
--------------------------------------------------------------
     0 | D:1      | Bloax, the Vine Stalker Chaos Knight, began the quest for the Orb.
     0 | D:1      | Reached XP level 1. HP: 11/11 MP: 1/1
    61 | D:1      | Reached skill level 3 in Short Blades
    61 | D:1      | Reached XP level 2. HP: 16/16 MP: 3/3
    93 | D:1      | Reached skill level 1 in Spellcasting
   114 | D:1      | Reached skill level 1 in Stealth
   259 | D:2      | Reached XP level 3. HP: 11/19 MP: 2/5
   467 | D:3      | Reached XP level 4. HP: 23/23 MP: 7/7
   550 | D:4      | Noticed Eustachio
   550 | D:4      | Noticed an ogre
   551 | D:4      | o k
   555 | D:3      | Reached skill level 2 in Spellcasting
   575 | D:3      | Reached skill level 2 in Stealth
   654 | D:4      | XOM: silly message
   655 | D:4      | Noticed dibs' ghost (average GrMo)
   658 | D:4      | XOM: potion effect (invisibility)
   661 | D:4      | XOM: potion effect (haste)
   675 | D:4      | XOM: cast spell 'Cause Fear'
   677 | D:4      | XOM: fake destruction
   685 | D:4      | XOM: polymorph white imp -> shadow imp
   693 | D:4      | HP: 2/23 [dibs' ghost (4)]
   696 | D:4      | XOM: confuse monster(s)
   706 | D:4      | Slain by Eustachio

Vanquished Creatures
  An adder (D:2)
  A gnoll (D:2)
  A giant eyeball (D:1)
  An ooze (D:2)
  An orc (D:3)
  A ball python (D:3)
  11 bats
  4 hobgoblins
  8 jackals
  4 kobolds
  2 giant newts
  5 goblins
  A quokka skeleton (D:4)
  4 rats
45 creatures vanquished.
